[Event "FIDE Candidates 2026"]
[Site "Pegeia, Cyprus"]
[Date "2026.03.29"]
[Round "1.1"]
[White "Sindarov, Javokhir"]
[Black "Esipenko, Andrey"]
[Result "1-0"]
[ECO "D35"]
[WhiteElo "2745"]
[BlackElo "2698"]
[Annotator "Mark Crowther"]
[PlyCount "81"]
[EventDate "2026.??.??"]
[TimeControl "40/7200:1800+30"]

1. d4 d5 2. c4 e6 3. Nf3 Nf6 4. Nc3 Be7 5. cxd5 exd5 6. Bf4 O-O 7. e3 c5 8. Bd3 Nc6 9. O-O c4 {D35: Queen's Gambit Declined: Exchange Variation.} ({RR} 9... h6 10. Rc1 Bg4 11. dxc5 d4 12. Ne4 dxe3 13. fxe3 Nd5 14. Bc4 Nxf4 15. exf4 Qc7 16. Qd2 Rad8 17. Qe3 b6 18. cxb6 Qxb6 19. Qxb6 axb6 20. Be2 Nb4 21. a3 Nd5 22. Nd4 Bxe2 23. Nxe2 f5 24. N4c3 {Vitiugov,N (2733)-Zvjaginsev,V (2659) Taganrog 2011 ½-½ (34)}) 10. Bc2 Nh5 {Threatens to win with ...Nxf4.} ({RR} 10... a6 11. Ne5 Be6 12. Bg5 Nxe5 13. dxe5 Ng4 14. Bf4 f6 15. exf6 Bxf6 16. h3 Bxc3 17. bxc3 Nf6 18. a4 b5 19. Be5 Ne4 20. f3 Qg5 21. Bf4 Qg6 22. fxe4 Bxh3 23. Qxd5+ Kh8 24. Qg5 {1-0 (24) Bluebaum,M (2640)-Rustemov,A (2525) chess.com INT 2024}) 11. Be5 f6 {White has an edge.} 12. Bg3 $146 ({Predecessor: RR} 12. Ng5 {feels hotter.} g6 13. Nxh7 fxe5 14. Bxg6 (14. Nxf8 Bxf8 15. dxe5 Be6 16. Bxg6 Ng7 17. f4 Bc5 18. f5 Bxe3+ {1-0 Olafsson,H (2510)-Einarsson,H (2215) Reykjavik op 1988 (9)} 19. Kh1 Nxe5 20. fxe6 Nxg6 21. Nxd5 Bg5 22. Qf3 Ne5 23. Qe4 Qd6 24. Rad1 Nd3 25. Rf7 Re8 26. Qg6 {1-0 (26) Olafsson,H (2510)-Einarsson,H (2215) Reykjavik 1988}) 14... Nf6 15. Nxf6+ Bxf6 16. Qh5) 12... f5 13. Be5 Be6 14. b3 Qa5 15. Ne2 b5 16. Nf4 Nxf4 17. exf4 Qd8 18. Re1 {and Bxg7! would now be decisive} Qd7 19. Re3 Rae8 20. h4 h6 21. g3 a6 22. Kg2 Bf7 23. Qd2 Bb4 24. Qe2 Bh5 25. a4 {Black has won the opening battle and is better. But he completely loses the thread over the next few moves.} Ba5 (25... Be7) 26. axb5 axb5 27. Bd1 Bxf3+ $2 {Sindarov: \"When he took bishop on f3, he thinks he's immediately winning, but I like to play defense and do some tricks $1\" A really strange decision.} (27... Bb6 $1 {is one of the many moves Esipenko could have played to keep an advantage.}) 28. Qxf3 {Sindarov noted that now he has space for his pieces, with the queen coming to h5 and the a1-rook free to move on the a-file. White wants to play bxc4.} Bb6 $6 (28... Bd2 $5 29. bxc4 (29. Re2 c3 $11) 29... Bxe3 (29... dxc4 30. Re2 $17) 30. cxd5 Nxe5 (30... Nxd4 31. Qxe3 Qxd5+ 32. Kh2 $17) 31. dxe5 Bd4 $19) 29. Ra6 $1 {Sindarov called this \"a really good counterattack,\" while Esipenko was suddenly short of time to figure things out.} Nxd4 (29... Bxd4 $2 {looks promising, but Sindarov had seen} 30. Rxc6 $1 Bxe5 31. Rc5 $1 {and White is suddenly on top.}) 30. Qh5 Rxe5 $1 {The only move not to lose on the spot.} 31. Rxe5 Qc6 $2 {[%eval 338,16] [%wdl 1000,0,0] It's got difficult and this loses.} (31... Bc7 $1 $16 {[%eval 80,21] [%wdl 228,772,0] is a better try.} 32. Re3 b4) (31... Qb7 {can be met by} 32. Qg6 $1 {and if} Qxa6 $2 {then} 33. Re7 $1 {is suddenly an unstoppable checkmate.}) 32. bxc4 $1 $18 {Overworked Piece} bxc4 {From here Black is dead lost, but in fact} (32... dxc4+ {doesn't seem to help either, e.g.,} 33. Bf3 Qf6 34. Re8 $1 Nxf3 35. Rxf8+ Qxf8 36. Qxf3 Qc5 37. Ra8+ Kh7 38. h5 {and the weakness of the black king is fatal.}) 33. Ba4 $1 {Sindarov is suddenly on top of his game.} Qc5 {White is clearly winning.} (33... Qb7 34. Re8 $1 Qxa6 35. Rxf8+ Kxf8 36. Qe8# {is another case of the a6-rook being inedible.}) 34. Qg6 {Prevents Nc6.} Ba7 35. Re8 Rxe8 36. Qxe8+ Kh7 37. Qg6+ Kg8 38. Bd7 c3 39. Qe8+ Kh7 40. Qg6+ Kg8 {The players make the time control, so Sindarov can pause to choose the cleanest kill. [#]} 41. Re6 $1 {Black resigned, since there's no defense.} (41. Re6 Nxe6 42. Bxe6+ Kh8 43. Qe8+ Qf8 44. Qxf8+ Kh7 45. Bf7 h5 46. Qg8+ Kh6 47. Qh8# {is one checkmate.}) 1-0

[Event "FIDE Candidates 2026"]
[Site "Pegeia, Cyprus"]
[Date "2026.03.29"]
[Round "1.2"]
[White "Bluebaum, Matthias"]
[Black "Wei, Yi"]
[Result "1/2-1/2"]
[ECO "D50"]
[WhiteElo "2698"]
[BlackElo "2754"]
[Annotator "Mark Crowther"]
[PlyCount "52"]
[EventDate "2026.??.??"]
[TimeControl "40/7200:1800+30"]

1. d4 Nf6 2. c4 e6 3. Nf3 d5 4. Nc3 c5 5. cxd5 cxd4 6. Qxd4 exd5 7. Bg5 Be7 8. e3 O-O {D50: Queen's Gambit Declined: Dutch-Peruvian Gambit.} 9. Rd1 Be6 {Bluebaum: \"He chose an extremely solid line which I thought is possible, but of course I didn’t know that he’s going to choose that.\"} 10. Bb5 $5 {This unusual move, seemingly targeting nothing, is a novelty. The more natural-looking} (10. Bd3) (10. Qa4 {or}) (10. Be2 {are more popular.}) 10... h6 11. Bh4 a6 12. Ba4 Nc6 13. Qd3 Ne4 14. Bxe7 Nxe7 15. O-O $146 ({Predecessor: RR} 15. Nd4 Nxc3 16. Qxc3 Rc8 17. Qd2 Bg4 18. f3 Bd7 19. Bb3 Qb6 20. O-O Rfd8 21. Qf2 Bb5 22. Nxb5 Qxb5 23. e4 a5 24. Rd2 a4 25. Bxd5 Nxd5 26. Rfd1 Rc5 {½-½ Piorun,K (2655)-Nguyen,T (2577) POL-chT Ekstraliga Legnica 2021 (7.1) ½-½ (26) Piorun,K (2655)-Nguyen,T (2577) Legnica 2021}) 15... Nxc3 16. Qxc3 Rc8 $5 {Bluebaum noted this is a small inaccuracy, with} (16... Bg4 {more precise. At this point Wei had 53 minutes against Bluebaum's 1 hour 53 minutes.}) 17. Qe5 $5 {In hindsight, Bluebaum felt this was too concrete. He suggested something like} (17. Qd3 Bg4 18. Qe2 {and e.g. after} Qb6 19. Bb3 Qg6 {White still has a small pull against the isolated d-pawn.}) 17... Rc4 $1 {The position is equal.} 18. Bb3 Re4 $1 19. Qc3 (19. Qxe4 {is a fun line, though it doesn't bring any real dividends:} dxe4 20. Rxd8 Rxd8 21. Bxe6 fxe6 22. Nd4 e5 23. Nb3 b6 {and, with the white knight restricted, Black is fine.}) 19... Bg4 20. Rd2 Bxf3 21. gxf3 Qd7 $1 {Calculating tactics well has never been a problem for Wei. and ...Rc8! would now be decisive} 22. fxe4 {A solid choice. Bluebaum wondered if there was anything more, but it seems there isn't. White can play on, but after, e.g.} (22. Rfd1 Re6 23. Bxd5 Nxd5 24. Rxd5 Rg6+ 25. Kf1 Qh3+ 26. Ke2 Rf6 27. e4 Qxh2 {there's no reason White should be better.}) 22... Qg4+ 23. Kh1 Qf3+ 24. Kg1 Qg4+ 25. Kh1 Qf3+ 26. Kg1 Qg4+ {A very decent start for two players, both competing in the Candidates for the first time.} 1/2-1/2

[Event "FIDE Candidates 2026"]
[Site "Pegeia, Cyprus"]
[Date "2026.03.29"]
[Round "1.3"]
[White "Praggnanandhaa R"]
[Black "Giri, Anish"]
[Result "1-0"]
[ECO "B23"]
[WhiteElo "2741"]
[BlackElo "2753"]
[Annotator "Mark Crowther"]
[PlyCount "101"]
[EventDate "2026.??.??"]
[TimeControl "40/7200:1800+30"]

1. e4 c5 2. Nc3 d6 3. f4 {The Grand Prix Attack, a relatively rare choice at the highest level. Most likely Giri did not want to see this surprise.} g6 4. Nf3 Bg7 5. Bb5+ Bd7 6. a4 Nc6 7. O-O a6 8. Bc4 e6 9. d3 Nge7 ({RR} 9... Nd4 10. Nxd4 cxd4 11. Ne2 h5 12. Qe1 Ne7 13. f5 exf5 14. Bg5 Be5 15. Qh4 Be6 16. exf5 Bxc4 17. dxc4 gxf5 18. Kh1 Qc7 19. Nxd4 Qxc4 20. Rae1 Ng6 21. Qf2 f4 22. Bxf4 Nxf4 23. Qxf4 O-O-O 24. Qf5+ {Thorfinnsson,B (2377)-Ahlander,B (2393) Reykjavik ISL 2026 ½-½ (53)}) 10. f5 {[#]} exf5 (10... O-O {is what Giri recommends in his course.}) 11. Qe1 Be6 $5 $146 {The best line for Black appears to be to go for} (11... Nb4 {but facing a prepared opponent in such a line could be terrifying. Here's just a sample of the madness that might follow:} 12. Ng5 d5 13. exd5 Nxc2 14. Qg3 O-O 15. d6 Nc6 16. Nxh7 Kxh7 17. Bg5 Bd4+ 18. Kh1 Qxg5 $1 19. Qxg5 Nxa1 20. Rxa1 Kg7 {and it seems Black is doing OK.}) ({RR} 11... Ne5 12. Nxe5 dxe5 13. Bg5 f6 14. Be3 Qc7 15. Rb1 f4 16. Bf2 a5 17. g3 Bh3 18. gxf4 Bxf1 19. Qxf1 exf4 20. Qh3 b6 21. Qe6 Kd8 22. Nb5 Qd7 23. Qxb6+ Ke8 24. Nc7+ Kf8 25. Ne6+ {1-0 (25) Liyanage,R (2359)-Begunov,K (2325) chess.com INT 2023}) ({RR} 11... h6) 12. exf5 gxf5 $146 ({Predecessor:} 12... Bxc4 13. dxc4 Qd7 14. Nd5 gxf5 15. Bh6 Bxh6 16. Nf6+ Kd8 17. Nxd7 Kxd7 18. Rd1 Rae8 19. Ne5+ Nxe5 20. Qxe5 Nc8 21. Qxf5+ {1-0 Weeramantry,S (2047)-Lundstrom,B (1883) Denver op 2019 (2)}) 13. Bxe6 fxe6 14. Qxe6 Qd7 15. Qc4 O-O-O {The black king position is very shaky, while the isolated f-pawn is ugly and, as we'll see, goes on to fall in this game.} 16. Bg5 Rde8 17. Rae1 Ng6 18. Nd5 Kb8 19. Nf6 Bxf6 20. Bxf6 Rhf8 21. Bc3 f4 {Maybe the start of trouble.} (21... Rxe1 22. Rxe1 Re8 23. h3 Rxe1+ 24. Bxe1 {would hold.}) 22. Rxe8+ Rxe8 23. Re1 Rf8 24. Qe6 {White is more active.} Qxe6 25. Rxe6 Kc7 26. Ng5 Kd7 $6 {Black is close to equality, but never quite gets there.} (26... Nd8 $1 {seems to be a better try, driving back the white pieces.} 27. Re2 h6 28. Ne4 Rf5) 27. Re4 Rf5 (27... h6 28. Nh7 $1 Rf5 29. Nf6+ Kc7 {is a tricky position.}) 28. Nxh7 {This knight is out of play but if it returns black will be in a lot of trouble.} d5 29. Re2 d4 30. Be1 Nce5 (30... Nge7 $1 {Still here Black is close to holding on.}) 31. Re4 $36 Ng4 32. h3 Ne3 33. c3 Nd5 $5 (33... dxc3 $1 {is a counter intuitive move that would hold.} 34. bxc3 Kd6 $1) 34. h4 $1 {This loose pawn makes all the difference.} ({Stronger than} 34. cxd4 Rh5 35. dxc5 Rxh7 $17) 34... dxc3 35. bxc3 Rh5 36. Ng5 Nf6 $2 {[%eval 373,16] [%wdl 1000,0,0] Aiming for a concrete defense, but this loses. Black cannot hold the game after this.} (36... b5 {It turns out it's not so easy for White to win if Black plays on the other wing instead.}) (36... b6 $16 ) 37. Re6 $1 $18 Rxg5 38. Rxf6 Rg4 {[#]} 39. h5 $1 Ne5 40. h6 $1 Nf3+ 41. Kf1 Nxe1 42. Kxe1 Rxg2 43. Rxf4 Rh2 44. Rf6 {White has just one extra pawn in a rook endgame, that most notoriously drawish of endgames, but the h-pawn has advanced too far.} Rh3 45. Kd2 Rh2+ 46. Ke3 Rh3+ 47. Ke4 c4 48. dxc4 Rxc3 49. Kf5 Ke7 50. Rb6 Rxc4 51. h7 $1 {The h-pawn can be stopped, but only at the cost of allowing White to eliminate the black queenside pawns and queen the a-pawn. Giri resigns.} (51. h7 Rh4 52. Rxb7+ Kd6 53. Kg5 Rh2 54. Rb6+ Ke5 55. Kg6) 1-0